 Dungeon Crawl Stone Soup version 0.30-a0-347-gf58ed5266c (webtiles) character file.

Game seed: 9570146102706778408

69 jlumianski the Shield-Bearer (level 4, 0/35 HPs)
             Began as a Demonspawn Fighter on Nov 4, 2022.
             Slain by Crazy Yiuf
             ... wielding a +4 quarterstaff of chaos
              (11 damage)
             ... on level 2 of the Dungeon on Nov 6, 2022.
             The game lasted 00:09:17 (1636 turns).

jlumianski the Shield-Bearer (Demonspawn Fighter)   Turns: 1636, Time: 00:09:17

Health: 0/35       AC:  6    Str: 17    XL:     4   Next: 2%
Magic:  4/4        EV:  9    Int: 13    God:
Gold:   178        SH:  9    Dex: 12    Spells: 3/3 levels left

rFire   . . .      SeeInvis .    a - +0 war axe
rCold   . . .      Faith    .    c - +1 buckler
rNeg    . . .      Spirit   .    b - +0 scale mail
rPois   .          Reflect  .    (helmet restricted)
rElec   .          Harm     .    (no cloak)
rCorr   .          Rampage  .    (no gloves)
Will    ++...                    (no boots)
Stlth   ..........               (no amulet)
HPRegen 0.25/turn                o - ring of willpower
MPRegen 0.09/turn                (no ring)

@: no status effects
A: antennae 1, large bone plates 1, demonic magic 1, clever 1, strong-willed 1,
wild magic 1
a: no special abilities


You were on level 2 of the Dungeon.
You visited 1 branch of the dungeon, and saw 4 of its levels.

You collected 178 gold pieces.

Inventory:

Hand Weapons
 a - a +0 war axe (weapon)
Armour
 b - a +0 scale mail (worn)
 c - a +1 buckler (worn)
Jewellery
 e - a ring of wizardry
 o - a ring of willpower (left hand)
Scrolls
 f - a scroll of immolation {unknown}
 h - a scroll of fog
 j - a scroll of magic mapping
 k - a scroll of fear
 m - a scroll of blinking
Potions
 d - a potion of might
 g - a potion of flight
 i - 2 potions of curing
 l - 2 potions of mutation


   Skills:
 + Level 3.3 Fighting
 + Level 2.5 Axes
 + Level 3.1 Armour
 + Level 3.4 Shields


You had 3 spell levels left.
You didn't know any spells.
Your spell library contained the following spells:

 Spells                   Type           Power      Damage    Failure   Level
 Magic Dart               Conj           0%         1d3       86%         1
 Searing Ray              Conj           0%         2d4       94%         2
 Fulminant Prism          Conj/Hex       0%         3d5       100%        4


Dungeon Overview and Level Annotations

Branches:
Dungeon (4/15)
 Temple: D:4-7

Altars:
Ashenzari

Shops:
D:2 *

Annotations:
D:2 Crazy Yiuf
D:4 Pikel


Innate Abilities, Weirdness & Mutations

You have a pair of small antennae on your head.
You are partially covered in large bone plates. (SH +4)
Spells you cast may paralyse adjacent enemies.
Your mind is acute. (Int +4, Str/Dex -1)
You are strong-willed. (Will+)
Your spells are a little harder to cast, but a little more powerful.


Message History

The ball python constricts you.
You barely miss the ball python. The ball python completely misses you.
The ball python constricts you.
You closely miss the ball python. You block the ball python's attack.
The ball python constricts you.
The ball python bites you but does no damage.
The ball python constricts you.
You hit the ball python.
You kill the ball python!
You have reached level 4!
You feel agile.
Your demonic ancestry asserts itself...
A menacing aura infuses your magic.
You now have 178 gold pieces (gained 10).
A quokka comes into view.
You slash the quokka!
You kill the quokka!
You pick up a book of Conjurations and begin reading...
You add the spells Magic Dart, Searing Ray and Fulminant Prism to your library.
Found a hammer.
Found a runed translucent door.
Crazy Yiuf laughs, "Announcement Orb Guardian wrapper!"
Crazy Yiuf grits, "Ten!
Gum stair action."
Crazy Yiuf cries, "Aardvark pizzabubble fast!"
Crazy Yiuf shouts!
Crazy Yiuf says, "Race light Orb Guardian!"
Could not explore, unopened runed door.
Okay, then.
You open the door. You hit Crazy Yiuf.
Crazy Yiuf is lightly wounded.
Crazy Yiuf hits you with a +4 quarterstaff of chaos!!
Ouch! That really hurt!
Crazy Yiuf burns you. You block Crazy Yiuf's attack.
You hit Crazy Yiuf.
Crazy Yiuf is moderately wounded.
Crazy Yiuf yells, "Action bag ragdoll!"
Crazy Yiuf misses you.
You hit Crazy Yiuf.
Crazy Yiuf is heavily wounded.
Crazy Yiuf hits you with a +4 quarterstaff of chaos!
You die...

...##
#...####....#
.#..# #...#
##..## .#..#
#...# ♣....♣
....####...#
♣♣...♣
...........#
♣♣.♣♣
........####
♣♣.♣
........#
♣.♣♣
........#
♣♣.♣
#########
♣@♣♣ #g# ...
#...# #)..#
#####


You could see Crazy Yiuf.

Vanquished Creatures
  3 adders
  A worm (D:2)
  A dart slug (D:1)
  2 endoplasms
  3 goblins (D:1)
  6 hobgoblins
  2 quokkas
  4 ball pythons
  8 bats
  5 frilled lizards (D:1)
  A kobold (D:1)
  2 rats
38 creatures vanquished.

Notes
Turn   | Place    | Note
-------+----------+-------------------------------------------
     0 | D:1      | jlumianski the Demonspawn Fighter began the quest for the
                  | Orb.
     0 | D:1      | Reached XP level 1. HP: 18/18 MP: 1/1
   169 | D:1      | Gained mutation: You have a pair of small antennae on your
                  | head. [demonic ancestry]
   169 | D:1      | Reached XP level 2. HP: 24/24 MP: 2/2
   359 | D:1      | Upgraded the game from 0.30-a0-341-g682706514a to
                  | 0.30-a0-347-gf58ed5266c
   818 | D:1      | Gained mutation: You are partially covered in large bone
                  | plates. (SH +4) [demonic ancestry]
   818 | D:1      | Reached XP level 3. HP: 14/29 MP: 3/3
   962 | D:2      | Gained mutation: Your spells are a little harder to cast,
                  | but a little more powerful. [potion of mutation]
   962 | D:2      | Gained mutation: You are strong-willed. (Will+) [potion of
                  | mutation]
   962 | D:2      | Gained mutation: Your mind is acute. (Int +4, Str/Dex -1)
                  | [potion of mutation]
   973 | D:3      | Found a broken altar of Ashenzari.
  1029 | D:4      | Noticed Pikel
  1029 | D:4      | Noticed a lemure
  1030 | D:4      | Noticed a lemure
  1143 | D:2      | Found Zer Haq's Assorted Antiques.
  1199 | D:4      | Noticed a lemure
  1199 | D:4      | Noticed a scorpion
  1386 | D:2      | Gained mutation: Spells you cast may paralyse adjacent
                  | enemies. [demonic ancestry]
  1386 | D:2      | Reached XP level 4. HP: 34/35 MP: 4/4
  1503 | D:2      | Found a runed translucent door.
  1504 | D:2      | Noticed Crazy Yiuf
  1636 | D:2      | Slain by Crazy Yiuf

Illustrated notes

Levels and vault maps discovered:
D:1:      elethiomel_arrival_shortcut, layout_loops_ring,
          minmay_misc_feat_plants
D:2:      layout_rooms, serial_shops, nicolae_diamond_shop,
          uniq_crazy_yiuf_cottage
D:3:      layout_loops_cross, tgw_kikubaaqudgha,
          mainiacjoe_overflow_catch_the_wave, ashenzari_altar_1
D:4:      layout_rooms, nrook_campfire, uniq_robin, uniq_pikel, uniq_ijyb,
          uniq_eustachio

Skill      XL: |  1  2 |
---------------+-------+-----
Axes           | 2 |  2.5
Armour         | 3 |  3.1
Shields        | 3 |  3.4
Fighting       | |  3.3

Action                   |  1- 3 |  4- 6 || total
-------------------------+-------+-------++-------
Melee: War axe           |   131 |     4 ||   135
  Use: Scroll            |     6 |       ||     6
       Potion            |     2 |       ||     2
Armor: Scale mail        |    85 |       ||    85
Dodge: Dodged            |    67 |     1 ||    68
Block: Buckler           |    45 |     1 ||    46

Table legend: (Time is in decaauts)
 A = Elapsed time spent in this place.
 B = Non-inter-level travel time spent in this place.
 C = Inter-level travel time spent in this place.
 D = Time resting spent in this place.
 E = Time spent auto-exploring this place.
 F = Levels seen in this place.
 G = Mean time per level.
                   A        B        C        D        E       F      G
               +--------+--------+--------+--------+--------+-----+--------+
         Total |   1700 |   1643 |     57 |     77 |    635 |   4 |  425.0 |
       Dungeon |   1700 |   1643 |     57 |     77 |    635 |   4 |  425.0 |
               +--------+--------+--------+--------+--------+-----+--------+

Top non-repeatable levels by time:
     D:1: 925 daAuts
     D:2: 670 daAuts
     D:3: 101 daAuts
     D:4: 3 daAuts
